 Dungeon Crawl Stone Soup version 0.31.0-9-g3a7656b989 (webtiles) character file.

Game seed: 10202984268857678735

9 Colgate the Poker (level 2, 24/24 HPs)
             Began as a Demonspawn Cinder Acolyte on Feb 2, 2024.
             Was a High Priest of Ignis.
             Quit the game on level 1 of the Dungeon.
             The game lasted 00:00:19 (158 turns).

Colgate the Poker (Demonspawn Cinder Acolyte)        Turns: 158, Time: 00:00:20

Health: 24/24      AC:  9    Str: 14    XL:     2   Next: 3%
Magic:  3/3        EV: 11    Int: 14    God:    Ignis [*****.]
Gold:   17         SH:  0    Dex:  8    Spells: 3/3 levels left

rFire   + . .        a - -1 spear (flame)
rCold   . . .        (no shield)
rNeg    . . .        b - +0 robe
rPois   .            (helmet restricted)
rElec   .            (no cloak)
rCorr   .            (no gloves)
SInv    .            (no boots)
Will    .....        (no amulet)
Stlth   +            (no ring)
HPRegen 0.24/turn    (no ring)
MPRegen 0.08/turn

%: no passive effects
@: fiery-armoured
A: antennae 1
a: Renounce Religion, Fiery Armour, Foxfire Swarm, Rising Flame


You were on level 1 of the Dungeon.
You worshipped Ignis.
Ignis was extremely pleased with you.
You visited 1 branch of the dungeon, and saw 1 of its levels.

You collected 17 gold pieces.

Inventory:

Hand Weapons
 a - a -1 spear of flaming (weapon)
Armour
 b - a +0 robe (worn)
Scrolls
 c - a scroll of poison {unknown}
Potions
 d - a potion of magic {unknown}
 e - a potion of curing {unknown}


   Skills:
 - Level 3.0 Fighting
 + Level 3.2 Polearms
 - Level 1.0 Spellcasting
 - Level 2.6 Fire Magic


You had 3 spell levels left.
You didn't know any spells.
Your spell library contained the following spells:

 Spells                   Type           Power      Damage    Failure   Level
 Scorch                   Fire           16%        2d5       13%         2


Dungeon Overview and Level Annotations

Branches:
Dungeon (1/15)

Altars:


Innate Abilities, Weirdness & Mutations

You have a pair of small antennae on your head.


Message History

A rat comes into view.
Found a ring mail and a scroll labelled OCRAPT BOLLEAXUXO.
The rat squeaks loudly.
A quokka comes into view.
A bat comes into view.
There are monsters nearby!
A ball python comes into view.
There is a dry fountain here.
There are monsters nearby!
You reach to attack!
You closely miss the hobgoblin.
There are monsters nearby!
You closely miss the hobgoblin.
The ball python hisses angrily.
The hobgoblin completely misses you.
There are monsters nearby!
You hit the hobgoblin but do no damage. The hobgoblin barely misses you.
There are monsters nearby!
You closely miss the hobgoblin.
The quokka bites the plant.
The plant begins to die.
There are monsters nearby!
You closely miss the hobgoblin.
The hobgoblin hits you but does no damage.
The hobgoblin is burned by your cloak of flames.
The quokka bites the plant.
There are monsters nearby!
You barely miss the hobgoblin.
The quokka bites the plant.
The hobgoblin barely misses you.
The rat splashes around in the water.
The ball python bites the fungus.
The fungus begins to die.
The ball python grabs the fungus.
The ball python constricts the fungus.
The quokka completely misses the plant.
There are monsters nearby!
You closely miss the hobgoblin.
The hobgoblin hits you but does no damage.
The hobgoblin is burned by your cloak of flames.
You kill the hobgoblin!
The ball python loses its grip on the fungus.
The rat barely misses you.
The quokka bites the plant.
You have reached level 2!
Your demonic ancestry asserts itself...
A pair of antennae grows on your head!
Are you sure you want to abandon this character and quit the game? (Confirm with "yes".)

##....(##..##.###....?.
##.....##....P..........
.......##..PP.P..P##....
##.....##.P.P.####.P....
####.###..###.P........
#. ####_....~....b. ..
###.~⌠≈.[....
#....⌠.P~....
#..P⌠@rP.....
###.PPS.P....
....(Pr......
......P........
##.#.#####....# #.#.
....# # #[ ...# ...#


You could see a quokka, a bat (wandering), a ball python and a rat.

Vanquished Creatures
  2 bats (D:1)
  2 endoplasms (D:1)
  A hobgoblin (D:1)
  3 frilled lizards (D:1)
8 creatures vanquished.

Notes
Turn   | Place    | Note
-------+----------+-------------------------------------------
     0 | D:1      | Colgate the Demonspawn Cinder Acolyte began the quest for
                  | the Orb.
     0 | D:1      | Reached XP level 1. HP: 18/18 MP: 2/2
   144 | D:1      | Found a faded altar of an unknown god.
   158 | D:1      | Gained mutation: You have a pair of small antennae on your
                  | head. [demonic ancestry]
   158 | D:1      | Reached XP level 2. HP: 24/24 MP: 3/3
   158 | D:1      | Quit the game

Illustrated notes

Levels and vault maps discovered:
D:1:      ldierk_walled_garden, layout_basic,
          shapermc_ecumenical_altar_mp_ritualfount, minmay_misc_feat_diagonals

Skill      XL: |  1 |
---------------+----+-----
Polearms       | 3 |  3.2
Fighting       | |  3.0
Spellcasting   | |  1.0
Fire Magic     | |  2.6

Action                     || total
---------------------------++-------
  Melee: Spear             ||    22
 Invoke: Fiery Armour      ||     1
   Stab: Sleeping          ||     1
 Armour: Robe              ||    17
  Dodge: Dodged            ||    14
